[Event "22nd Ruzomberok Open 2019"]
[Site "Ruzomberok"]
[Date "2019.07.06"]
[Round "8.17"]
[White "Zilkay, Dominik"]
[Black "Koloditsova, Renata"]
[Result "0-1"]
[ECO "C02"]
[WhiteElo "1328"]
[BlackElo "1903"]
[Annotator "NA"]
[PlyCount "48"]
[EventDate "2019.06.29"]
[EventType "swiss"]
[EventCountry "SVK"]
[SourceTitle "playchess.com"]
[Source "ChessBase"]
[SourceQuality "1"]
[TimeControl "40/5400+30:1800+30"]

1. e4 e6 2. d4 d5 3. e5 c5 4. c3 Nc6 5. Nf3 Qb6 6. Bd3 Bd7 7. O-O cxd4 8. cxd4 Nxd4 9. Nxd4 Qxd4 10. Qe2 Ne7 11. Nd2 Nc6 12. Nf3 Qb6 13. Bg5 h6 14. Bh4 Nb4 15. Rfc1 Nxd3 16. Qxd3 Bc6 17. Qd2 Bb4 18. Qf4 g5 19. Qf6 Rh7 20. Bxg5 hxg5 21. Qxg5 Kd7 22. Qf4 Be7 23. Nd4 Rh4 24. g4 Rg8 0-1

[Event "22nd Ruzomberok Open 2019"]
[Site "Ruzomberok"]
[Date "2019.07.06"]
[Round "8.18"]
[White "Palider, Pavol"]
[Black "Kapicakova, Lucia"]
[Result "1/2-1/2"]
[ECO "B07"]
[WhiteElo "2026"]
[BlackElo "1671"]
[Annotator "NA"]
[PlyCount "124"]
[EventDate "2019.06.29"]
[EventType "swiss"]
[EventCountry "SVK"]
[SourceTitle "playchess.com"]
[Source "ChessBase"]
[SourceQuality "1"]
[TimeControl "40/5400+30:1800+30"]

1. d4 Nf6 2. Nc3 g6 3. e4 d6 4. Be2 Nbd7 5. Be3 Bg7 6. Qd2 a5 7. Bh6 O-O 8. Bxg7 Kxg7 9. h4 e5 10. d5 h6 11. g4 Nh7 12. O-O-O Nc5 13. Nh3 Bd7 14. f4 exf4 15. Nxf4 Qe7 16. Bf3 b5 17. Rde1 Qe5 18. Nce2 b4 19. Nd4 Rfb8 20. Nb3 Nxb3+ 21. cxb3 a4 22. Nd3 Qd4 23. Bd1 axb3 24. Bxb3 Bxg4 25. Rhg1 Bf3 26. Qe3 Qxe3+ 27. Rxe3 Bh5 28. Nf4 Nf6 29. e5 dxe5 30. Rxe5 Kf8 31. Rf1 Re8 32. Rxe8+ Kxe8 33. Nxg6 fxg6 34. Rxf6 Ke7 35. Re6+ Kd7 36. Kd2 Rf8 37. Ba4+ Kc8 38. Bc6 Kb8 39. a3 Rf2+ 40. Kc1 bxa3 41. bxa3 Rf4 42. Re8+ Ka7 43. Rh8 Rxh4 44. Rxh6 Rh2 45. a4 Kb6 46. Rh8 g5 47. Rb8+ Kc5 48. a5 g4 49. Rg8 Ra2 50. Rg5 Bf7 51. Bb7 g3 52. Kb1 Ra4 53. a6 g2 54. Rxg2 Bxd5 55. Rg5 c6 56. Kb2 Kb6 57. Rg6 Kc5 58. Kc3 Ra3+ 59. Kd2 Kb6 60. Rf6 Ka7 61. Rh6 Bc4 62. Rxc6 Bxa6 1/2-1/2

[Event "22nd Ruzomberok Open 2019"]
[Site "Ruzomberok"]
[Date "2019.07.06"]
[Round "8.19"]
[White "Janik, Miroslav"]
[Black "Horbal, Jozef"]
[Result "1-0"]
[ECO "C03"]
[WhiteElo "1889"]
[BlackElo "1712"]
[Annotator "NA"]
[PlyCount "103"]
[EventDate "2019.06.29"]
[EventType "swiss"]
[EventCountry "SVK"]
[SourceTitle "playchess.com"]
[Source "ChessBase"]
[SourceQuality "1"]
[TimeControl "40/5400+30:1800+30"]

1. e4 e6 2. d4 d5 3. Nd2 a6 4. e5 c5 5. c3 Qb6 6. Ngf3 Bd7 7. a4 cxd4 8. cxd4 Nc6 9. Nb3 Bb4+ 10. Bd2 Bxd2+ 11. Kxd2 Rc8 12. Bd3 Na5 13. Nxa5 Qxa5+ 14. Ke2 Qb4 15. Qd2 Qxd2+ 16. Nxd2 Ne7 17. Nb3 Nc6 18. Ke3 Nb4 19. Nc5 Nxd3 20. Kxd3 Rc7 21. b4 Ke7 22. Rhb1 Rhc8 23. Rb3 Ra8 24. a5 Bb5+ 25. Ke3 Bc4 26. Rba3 f6 27. f4 fxe5 28. dxe5 Rf8 29. Rd1 g5 30. g3 gxf4+ 31. gxf4 Rg8 32. Raa1 Rcc8 33. Nxb7 Rb8 34. Rg1 Rxg1 35. Rxg1 Kf8 36. Nc5 Rxb4 37. Nxe6+ Kf7 38. Nd8+ Kf8 39. Nc6 Rb3+ 40. Kd4 Rf3 41. Rg4 Kf7 42. Rh4 h5 43. Kc5 Bb5 44. Kxd5 Rd3+ 45. Nd4 Kg6 46. e6 Be8 47. f5+ Kf6 48. Re4 Ra3 49. Kd6 Rxa5 50. e7 Bf7 51. Re6+ Bxe6 52. fxe6 1-0

[Event "22nd Ruzomberok Open 2019"]
[Site "Ruzomberok"]
[Date "2019.07.06"]
[Round "8.20"]
[White "Karcol, Jan"]
[Black "Korenova, Simona"]
[Result "1/2-1/2"]
[ECO "D05"]
[WhiteElo "1882"]
[BlackElo "1764"]
[Annotator "NA"]
[PlyCount "123"]
[EventDate "2019.06.29"]
[EventType "swiss"]
[EventCountry "SVK"]
[SourceTitle "playchess.com"]
[Source "ChessBase"]
[SourceQuality "1"]
[TimeControl "40/5400+30:1800+30"]

1. d4 d5 2. Nf3 Nf6 3. e3 e6 4. Bd3 c5 5. c3 Nc6 6. O-O Bd6 7. Nbd2 O-O 8. dxc5 Bxc5 9. b4 Bd6 10. Bb2 e5 11. e4 dxe4 12. Nxe4 Bc7 13. a3 b6 14. c4 Bb7 15. b5 Na5 16. Qe2 Nxe4 17. Bxe4 Bxe4 18. Qxe4 Qe7 19. a4 Rad8 20. Rad1 f5 21. Qc2 Qc5 22. Rxd8 Bxd8 23. Nxe5 Qc7 24. Rc1 Be7 25. f4 Qc5+ 26. Kh1 Qe3 27. Qc3 Qxc3 28. Bxc3 Nb3 29. Rd1 Nc5 30. Bb4 Ne4 31. Bxe7 Nf2+ 32. Kg1 Nxd1 33. Bxf8 Kxf8 34. c5 Ke8 35. cxb6 axb6 36. Nc4 Kd8 37. Nxb6 Nc3 38. Kf2 Kc7 39. a5 Nxb5 40. Nc4 Kc6 41. Ke3 Kc5 42. Kd3 Nc7 43. g3 Na6 44. Kc3 g6 45. h4 Nc7 46. Kd3 Na6 47. h5 Nb4+ 48. Kc3 Nd5+ 49. Kd3 Nb4+ 50. Kc3 Nd5+ 51. Kb3 Kb5 52. hxg6 hxg6 53. Ne5 Nf6 54. Nxg6 Ne4 55. g4 fxg4 56. f5 Kxa5 57. Kc4 Nd6+ 58. Kd5 Nxf5 59. Ke4 g3 60. Kf3 Kb4 61. Nh4 Nxh4+ 62. Kxg3 1/2-1/2

[Event "22nd Ruzomberok Open 2019"]
[Site "Ruzomberok"]
[Date "2019.07.06"]
[Round "8.21"]
[White "Tomanek, Rafael"]
[Black "Zentko, Ladislav"]
[Result "1/2-1/2"]
[ECO "D43"]
[WhiteElo "1885"]
[BlackElo "1732"]
[Annotator "NA"]
[PlyCount "51"]
[EventDate "2019.06.29"]
[EventType "swiss"]
[EventCountry "SVK"]
[SourceTitle "playchess.com"]
[Source "ChessBase"]
[SourceQuality "1"]
[TimeControl "40/5400+30:1800+30"]

1. d4 Nf6 2. Nf3 d5 3. c4 e6 4. Nc3 c6 5. Bg5 Be7 6. e3 Nbd7 7. cxd5 exd5 8. Bd3 Ne4 9. Bxe7 Qxe7 10. Qc2 Nxc3 11. bxc3 Nf6 12. O-O O-O 13. Ne5 Be6 14. Rab1 Rfc8 15. Qe2 Rc7 16. c4 dxc4 17. Bxc4 Bxc4 18. Qxc4 Nd7 19. Nxd7 Rxd7 20. Rb2 Qe4 21. Rfb1 b6 22. Rc1 Rd6 23. g3 h5 24. Qc2 Qf3 25. Qe2 Qg4 26. Rbc2 1/2-1/2

[Event "22nd Ruzomberok Open 2019"]
[Site "Ruzomberok"]
[Date "2019.07.06"]
[Round "8.22"]
[White "Mc Aleenan, Charles"]
[Black "Mikulec, Martin"]
[Result "1-0"]
[ECO "A45"]
[WhiteElo "1746"]
[BlackElo "1870"]
[Annotator "NA"]
[PlyCount "37"]
[EventDate "2019.06.29"]
[EventType "swiss"]
[EventCountry "SVK"]
[SourceTitle "playchess.com"]
[Source "ChessBase"]
[SourceQuality "1"]
[TimeControl "40/5400+30:1800+30"]

1. d4 Nf6 2. Bg5 c5 3. d5 Qb6 4. Nc3 Qxb2 5. Bd2 Qb6 6. e4 d6 7. Rb1 Qd8 8. f4 e5 9. fxe5 dxe5 10. Nf3 Bd6 11. Bb5+ Bd7 12. Bc4 b6 13. O-O O-O 14. Nh4 Nxe4 15. Nxe4 Qxh4 16. Nxd6 Qd4+ 17. Kh1 Bg4 18. Qe1 Bd7 19. Qd1 1-0

[Event "22nd Ruzomberok Open 2019"]
[Site "Ruzomberok"]
[Date "2019.07.06"]
[Round "8.23"]
[White "Laurencsik, Alexander"]
[Black "Stanko, Ivan"]
[Result "1/2-1/2"]
[ECO "A05"]
[WhiteElo "1742"]
[BlackElo "1859"]
[Annotator "NA"]
[PlyCount "100"]
[EventDate "2019.06.29"]
[EventType "swiss"]
[EventCountry "SVK"]
[SourceTitle "playchess.com"]
[Source "ChessBase"]
[SourceQuality "1"]
[TimeControl "40/5400+30:1800+30"]

1. Nf3 Nf6 2. g3 g6 3. d3 d5 4. Bg2 Bg7 5. Nbd2 O-O 6. O-O Re8 7. e4 dxe4 8. dxe4 e5 9. Qe2 Nc6 10. c3 Qe7 11. h4 Bg4 12. Nc4 b5 13. Ne3 Bd7 14. Nh2 Rab8 15. Neg4 Nxg4 16. Nxg4 Na5 17. f4 Qc5+ 18. Kh2 Bxg4 19. Qxg4 Nc4 20. f5 Ne3 21. Bxe3 Qxe3 22. Rae1 Qb6 23. Re2 Rbd8 24. Ref2 Rf8 25. f6 Bh8 26. h5 Rd6 27. Qh4 Rfd8 28. g4 Rd2 29. hxg6 hxg6 30. g5 Rxf2 31. Rxf2 Rd1 32. Bf3 Rd3 33. Kg3 Qe3 34. Qg4 Rd8 35. Re2 Qg1+ 36. Kh4 Qf1 37. Qg2 Qc1 38. Rf2 Qf4+ 39. Bg4 Qc1 40. Rf1 Qe3 41. Qf3 Qc5 42. Rd1 Rxd1 43. Qxd1 Qf2+ 44. Kh3 Qe3+ 45. Kh4 Qf2+ 46. Kh3 Qe3+ 47. Kh4 Qxe4 48. Qd8+ Kh7 49. Qxc7 Qh1+ 50. Bh3 Qe1+ 1/2-1/2

[Event "22nd Ruzomberok Open 2019"]
[Site "Ruzomberok"]
[Date "2019.07.06"]
[Round "8.24"]
[White "Pasztor, Ladislav"]
[Black "Taragelova, Martina"]
[Result "1/2-1/2"]
[ECO "A29"]
[WhiteElo "1857"]
[BlackElo "1719"]
[Annotator "NA"]
[PlyCount "56"]
[EventDate "2019.06.29"]
[EventType "swiss"]
[EventCountry "SVK"]
[SourceTitle "playchess.com"]
[Source "ChessBase"]
[SourceQuality "1"]
[TimeControl "40/5400+30:1800+30"]

1. c4 e5 2. Nc3 Nf6 3. Nf3 Nc6 4. g3 d5 5. cxd5 Nxd5 6. d3 Be7 7. Bg2 Nb6 8. O-O O-O 9. a3 Be6 10. b4 f6 11. Bb2 Qd7 12. Rc1 Rfd8 13. Qc2 Rac8 14. Rfe1 Qe8 15. Ne4 Qf7 16. Nfd2 a6 17. Nc5 Bxc5 18. bxc5 Nd5 19. Nc4 Nde7 20. Ne3 Nd5 21. Nxd5 Bxd5 22. Bxd5 Qxd5 23. Qc4 Ne7 24. f3 b5 25. cxb6 Qxc4 26. Rxc4 cxb6 27. Rec1 Rxc4 28. Rxc4 Rc8 1/2-1/2

[Event "22nd Ruzomberok Open 2019"]
[Site "Ruzomberok"]
[Date "2019.07.06"]
[Round "8.25"]
[White "Verba, Vladimir"]
[Black "Bartanus, Stanislav"]
[Result "0-1"]
[ECO "B24"]
[WhiteElo "1709"]
[BlackElo "1781"]
[Annotator "NA"]
[PlyCount "66"]
[EventDate "2019.06.29"]
[EventType "swiss"]
[EventCountry "SVK"]
[SourceTitle "playchess.com"]
[Source "ChessBase"]
[SourceQuality "1"]
[TimeControl "40/5400+30:1800+30"]

1. e4 c5 2. Nc3 Nc6 3. Bb5 Nd4 4. Bd3 e6 5. Nf3 Nf6 6. Nxd4 cxd4 7. Ne2 e5 8. c3 dxc3 9. bxc3 d5 10. O-O Be7 11. f4 O-O 12. Qc2 Qb6+ 13. Kh1 Ng4 14. fxe5 Nf2+ 15. Rxf2 Qxf2 16. Qd1 dxe4 17. Bc4 Bg4 18. Qg1 Qxg1+ 19. Kxg1 Bxe2 20. Bxe2 Rfd8 21. Rb1 b6 22. Kf2 Bg5 23. Ke1 Rd5 24. e6 fxe6 25. Bc4 Rd6 26. Rb5 h6 27. Re5 Rad8 28. Ba3 Rxd2 29. Rxe6 Kh8 30. Kf1 e3 31. Re4 Rf2+ 32. Ke1 Rxg2 33. h4 Bf6 0-1

[Event "22nd Ruzomberok Open 2019"]
[Site "Ruzomberok"]
[Date "2019.07.06"]
[Round "8.26"]
[White "Cabanova, Kristina"]
[Black "Gasper, Jaroslav"]
[Result "1-0"]
[ECO "A40"]
[WhiteElo "1728"]
[BlackElo "1772"]
[Annotator "NA"]
[PlyCount "79"]
[EventDate "2019.06.29"]
[EventType "swiss"]
[EventCountry "SVK"]
[SourceTitle "playchess.com"]
[Source "ChessBase"]
[SourceQuality "1"]
[TimeControl "40/5400+30:1800+30"]

1. d4 e6 2. Nf3 d5 3. c4 Nf6 4. e3 c5 5. Nc3 cxd4 6. Nxd4 Nc6 7. cxd5 Nxd4 8. Qxd4 Nxd5 9. Nxd5 exd5 10. Bd2 a6 11. Be2 Be6 12. Bf3 Rc8 13. Bc3 h5 14. Rd1 Rc5 15. Qe5 Rh7 16. Qd4 Qd7 17. a3 Rc4 18. Qxc4 dxc4 19. Rxd7 Bxd7 20. Bxb7 Bb5 21. Ke2 g5 22. Rd1 f5 23. Bd5 Bg7 24. Kd2 Bh6 25. Ke1 g4 26. g3 h4 27. Be6 hxg3 28. hxg3 f4 29. gxf4 Bxf4 30. exf4 Rh1+ 31. Ke2 Rh4 32. Rd4 Bc6 33. Bxc4 Bf3+ 34. Ke3 Rh3 35. f5 Bc6+ 36. Kf4 Rf3+ 37. Kxg4 Rxf2 38. Kg5 a5 39. Kf6 Bd7 40. Bf7+ 1-0

[Event "22nd Ruzomberok Open 2019"]
[Site "Ruzomberok"]
[Date "2019.07.06"]
[Round "8.28"]
[White "Kukan, Michal"]
[Black "Jakab, Stefan"]
[Result "1-0"]
[ECO "A05"]
[WhiteElo "1698"]
[BlackElo "1751"]
[Annotator "NA"]
[PlyCount "53"]
[EventDate "2019.06.29"]
[EventType "swiss"]
[EventCountry "SVK"]
[SourceTitle "playchess.com"]
[Source "ChessBase"]
[SourceQuality "1"]
[TimeControl "40/5400+30:1800+30"]

1. Nf3 Nf6 2. Nc3 Nc6 3. g3 g6 4. Bg2 Bg7 5. e4 e5 6. d4 Nxd4 7. Nxe5 Nc6 8. Nc4 d6 9. Bg5 Be6 10. Nd5 Bxd5 11. exd5 Ne7 12. Qd4 Nf5 13. Qd3 Qe7+ 14. Ne3 Nxe3 15. Bxe3 O-O 16. O-O-O Ng4 17. Bd4 Ne5 18. Qc3 f5 19. Rhe1 Qd7 20. h3 c5 21. dxc6 Bh6+ 22. f4 Nxc6 23. Bd5+ Rf7 24. Be6 Qc7 25. Bf6 Qb6 26. Rxd6 Bf8 27. Bxf7+ 1-0

[Event "22nd Ruzomberok Open 2019"]
[Site "Ruzomberok"]
[Date "2019.07.06"]
[Round "8.29"]
[White "Malinovsky, Jozef"]
[Black "Cernekova, Martina"]
[Result "0-1"]
[ECO "B90"]
[WhiteElo "1734"]
[BlackElo "1659"]
[Annotator "NA"]
[PlyCount "96"]
[EventDate "2019.06.29"]
[EventType "swiss"]
[EventCountry "SVK"]
[SourceTitle "playchess.com"]
[Source "ChessBase"]
[SourceQuality "1"]
[TimeControl "40/5400+30:1800+30"]

1. e4 c5 2. Nf3 d6 3. d4 cxd4 4. Nxd4 Nf6 5. Nc3 a6 6. h3 e5 7. Nb3 Be6 8. Be3 Be7 9. g4 b5 10. Bg2 Nc6 11. Qd2 b4 12. Nd5 Rb8 13. Nxe7 Qxe7 14. O-O a5 15. Rfd1 Rd8 16. Bb6 Rb8 17. Be3 a4 18. Nc1 Rd8 19. a3 d5 20. exd5 Nxd5 21. Qe2 O-O 22. axb4 Nxe3 23. fxe3 Nxb4 24. Rxa4 Qc5 25. Rxd8 Rxd8 26. c3 Nd5 27. Bxd5 Bxd5 28. Kf2 g6 29. h4 Qc6 30. Qa6 Qxa6 31. Rxa6 Bc4 32. Ra4 Be6 33. Ke1 h5 34. gxh5 gxh5 35. Rb4 Bg4 36. Ne2 Ra8 37. Nc1 Rd8 38. Ne2 Ra8 39. c4 Ra1+ 40. Kd2 Rh1 41. Ng3 Rxh4 42. c5 Kf8 43. Nxh5 Rh2+ 44. Kd3 Bxh5 45. c6 Ke7 46. Rc4 Be2+ 47. Kc3 Bxc4 48. Kxc4 Rxb2 0-1

[Event "22nd Ruzomberok Open 2019"]
[Site "Ruzomberok"]
[Date "2019.07.06"]
[Round "8.30"]
[White "Kunzo, Slavomir"]
[Black "Profant, Jan"]
[Result "0-1"]
[ECO "B73"]
[WhiteElo "1593"]
[BlackElo "1879"]
[Annotator "NA"]
[PlyCount "76"]
[EventDate "2019.06.29"]
[EventType "swiss"]
[EventCountry "SVK"]
[SourceTitle "playchess.com"]
[Source "ChessBase"]
[SourceQuality "1"]
[TimeControl "40/5400+30:1800+30"]

1. e4 c5 2. Nf3 g6 3. d4 cxd4 4. Nxd4 Nc6 5. Be3 Bg7 6. Nc3 Nf6 7. Be2 O-O 8. O-O d6 9. Qd2 Nxd4 10. Bxd4 Bd7 11. f3 Qa5 12. Rfb1 Rfc8 13. b4 Qc7 14. f4 e5 15. fxe5 dxe5 16. Bc5 b6 17. Nd5 Nxd5 18. Qxd5 bxc5 19. b5 Be6 20. Qd2 Rd8 21. Qe3 f5 22. Bf3 f4 23. Qe2 c4 24. c3 Rd3 25. Qb2 Qb6+ 26. Kh1 Rad8 27. a4 Rd2 28. Qc1 Qf2 29. a5 g5 30. Qg1 Qxg1+ 31. Kxg1 g4 32. Bd1 Bf8 33. b6 Bc5+ 34. Kh1 axb6 35. a6 Bc8 36. Bxg4 Bxg4 37. a7 f3 38. h3 fxg2+ 0-1

[Event "22nd Ruzomberok Open 2019"]
[Site "Ruzomberok"]
[Date "2019.07.06"]
[Round "8.31"]
[White "Majerova, Veronika"]
[Black "Staffen, Robert"]
[Result "1-0"]
[ECO "A48"]
[WhiteElo "1531"]
[BlackElo "1643"]
[Annotator "NA"]
[PlyCount "107"]
[EventDate "2019.06.29"]
[EventType "swiss"]
[EventCountry "SVK"]
[SourceTitle "playchess.com"]
[Source "ChessBase"]
[SourceQuality "1"]
[TimeControl "40/5400+30:1800+30"]

1. d4 Nf6 2. Nf3 g6 3. Bf4 Bg7 4. e3 O-O 5. h3 c5 6. c3 d5 7. Nbd2 Nc6 8. Be2 b6 9. O-O Bb7 10. Ne5 Nd7 11. Ndf3 Ndxe5 12. Nxe5 Nxe5 13. Bxe5 f6 14. Bh2 e5 15. Qd2 Rc8 16. Rfe1 Re8 17. Rac1 Qe7 18. Bf1 Rc7 19. c4 cxd4 20. exd4 Rec8 21. b3 Rd7 22. Qb2 e4 23. f3 f5 24. Qd2 Kh8 25. fxe4 fxe4 26. Be2 dxc4 27. Bxc4 Bxd4+ 28. Kh1 a6 29. Rf1 e3 30. Qe2 Bf6 31. Rcd1 Rcd8 32. Rxd7 Rxd7 33. Rd1 Rxd1+ 34. Qxd1 Qe4 35. Qe2 Qb1+ 36. Qf1 Qb2 37. Qe2 Qb1+ 38. Qf1 Qb2 39. Qe2 Qc1+ 40. Qf1 Qc3 41. Bxa6 Bxa6 42. Qxa6 Qe1+ 43. Bg1 Bd4 44. Qc8+ Kg7 45. Qd7+ Kg8 46. Qxd4 e2 47. Qd8+ Kf7 48. Qd7+ Kf8 49. Qd6+ Kf7 50. Qf4+ Ke6 51. Qe3+ Kd7 52. Kh2 Qd1 53. Bf2 Qd5 54. Qxe2 1-0

[Event "22nd Ruzomberok Open 2019"]
[Site "Ruzomberok"]
[Date "2019.07.06"]
[Round "8.32"]
[White "Demko, Ladislav"]
[Black "Taragel, Marian"]
[Result "0-1"]
[ECO "C97"]
[WhiteElo "1666"]
[BlackElo "1636"]
[Annotator "NA"]
[PlyCount "111"]
[EventDate "2019.06.29"]
[EventType "swiss"]
[EventCountry "SVK"]
[SourceTitle "playchess.com"]
[Source "ChessBase"]
[SourceQuality "1"]
[TimeControl "40/5400+30:1800+30"]

1. e4 e5 2. Nf3 Nc6 3. Bb5 a6 4. Ba4 Nf6 5. O-O Be7 6. Re1 b5 7. Bb3 d6 8. h3 O-O 9. c3 Na5 10. Bc2 c5 11. d4 Qc7 12. dxe5 dxe5 13. Qe2 Bb7 14. Nbd2 Rfd8 15. Nf1 c4 16. Ng3 Nc6 17. Bg5 h6 18. Be3 Rd7 19. Nf5 Bf8 20. g4 Ne7 21. g5 hxg5 22. Bxg5 Nh7 23. Be3 Nxf5 24. exf5 Qc6 25. Kg2 Rad8 26. Rad1 Rxd1 27. Rxd1 Rxd1 28. Bxd1 Bc5 29. Qd2 Bxe3 30. fxe3 Qf6 31. Qc2 Ng5 32. Qd2 Bxf3+ 33. Bxf3 Nxf3 34. Kxf3 Qxf5+ 35. Kg3 Qd3 36. Qf2 Qg6+ 37. Kh2 f5 38. Qd2 Qf6 39. Qd5+ Kh7 40. Qf3 Qg5 41. Qg3 Qxg3+ 42. Kxg3 Kg6 43. Kh4 Kf6 44. Kg3 Kg5 45. h4+ Kh5 46. Kh3 f4 47. e4 g5 48. hxg5 Kxg5 49. Kg2 Kg4 50. Kf2 f3 51. a3 Kf4 52. Kf1 Kxe4 53. Ke1 Ke3 54. Kf1 f2 55. a4 e4 {[%emt 0:00:47] Kxf2+ Kd2 Kf3 e3 Ke4 e2 Kd5 e1=Q} 56. axb5 {Qb1} 0-1

[Event "22nd Ruzomberok Open 2019"]
[Site "Ruzomberok"]
[Date "2019.07.06"]
[Round "8.33"]
[White "Polko, Pavol"]
[Black "Petrasko, Jozef"]
[Result "1-0"]
[ECO "A00"]
[WhiteElo "1638"]
[BlackElo "1455"]
[Annotator "NA"]
[PlyCount "47"]
[EventDate "2019.06.29"]
[EventType "swiss"]
[EventCountry "SVK"]
[SourceTitle "playchess.com"]
[Source "ChessBase"]
[SourceQuality "1"]
[TimeControl "40/5400+30:1800+30"]

1. h4 Nf6 2. d4 d5 3. Bg5 Bf5 4. Bxf6 exf6 5. Nc3 c6 6. e3 Nd7 7. g4 Be6 8. Bd3 Be7 9. f4 Nb6 10. f5 Bd7 11. b3 Qc7 12. Nge2 Bd6 13. Rh3 g6 14. Qd2 a5 15. a4 O-O 16. O-O-O c5 17. Nb5 Bxb5 18. Bxb5 cxd4 19. Nxd4 Bb4 20. Qd3 Rac8 21. h5 g5 22. Qe2 Qc3 23. Qd3 Qc5 24. Kb1 1-0

[Event "22nd Ruzomberok Open 2019"]
[Site "Ruzomberok"]
[Date "2019.07.06"]
[Round "8.34"]
[White "Hajtmansky, Milan"]
[Black "Konkol, Emil"]
[Result "1/2-1/2"]
[ECO "C44"]
[WhiteElo "1521"]
[BlackElo "1714"]
[Annotator "NA RC"]
[PlyCount "20"]
[EventDate "2019.06.29"]
[EventType "swiss"]
[EventCountry "SVK"]
[SourceTitle "playchess.com"]
[Source "ChessBase"]
[SourceQuality "1"]
[TimeControl "40/5400+30:1800+30"]

1. e4 e5 2. Nf3 Nc6 3. d3 d5 4. exd5 Qxd5 5. Nc3 Bb4 6. Bd2 Qd8 7. Be2 Nge7 8. O-O O-O 9. a3 Ba5 10. Ne4 Bxd2 1/2-1/2

[Event "22nd Ruzomberok Open 2019"]
[Site "Ruzomberok"]
[Date "2019.07.06"]
[Round "8.35"]
[White "Galbavy, Dusan"]
[Black "Berglund, Jan S."]
[Result "1-0"]
[ECO "B00"]
[WhiteElo "1735"]
[BlackElo "2013"]
[Annotator "NA"]
[PlyCount "89"]
[EventDate "2019.06.29"]
[EventType "swiss"]
[EventCountry "SVK"]
[SourceTitle "playchess.com"]
[Source "ChessBase"]
[SourceQuality "1"]
[TimeControl "40/5400+30:1800+30"]

1. e4 b6 2. f4 g6 3. Bc4 Bg7 4. d4 Bb7 5. Nc3 c6 6. e5 e6 7. Nf3 b5 8. Bd3 b4 9. Ne4 Bf8 10. O-O d5 11. Nfg5 dxe4 12. Bxe4 h6 13. Nf3 Qe7 14. c3 bxc3 15. bxc3 c5 16. Qa4+ Kd8 17. Nd2 Qc7 18. Ba3 Bxe4 19. Nxe4 Qc6 20. Qc2 Na6 21. Rfd1 Kc7 22. Rab1 cxd4 23. Bxf8 Rxf8 24. Rxd4 Rb8 25. Rxb8 Nxb8 26. Nd6 Na6 27. Rc4 Nc5 28. Qf2 Qb6 29. Rxc5+ Kd7 30. h3 Ne7 31. Qd4 Nc6 32. Qf2 Rf8 33. Ne4 Qb1+ 34. Kh2 Qxe4 35. Qd2+ Kc8 36. Qd6 Qxf4+ 37. Kg1 Qe3+ 38. Kf1 Qf4+ 39. Ke2 Qe4+ 40. Kf2 Qc2+ 41. Kg3 Rd8 42. Rxc6+ Kb7 43. Qc7+ Ka8 44. Qxd8+ Kb7 45. Qc8# {[%emt 0:00:12] f6} 1-0

[Event "22nd Ruzomberok Open 2019"]
[Site "Ruzomberok"]
[Date "2019.07.06"]
[Round "8.36"]
[White "Slyk, Piotr"]
[Black "Brennan, Samuel J"]
[Result "0-1"]
[ECO "C20"]
[WhiteElo "1082"]
[BlackElo "1678"]
[Annotator "NA"]
[PlyCount "34"]
[EventDate "2019.06.29"]
[EventType "swiss"]
[EventCountry "SVK"]
[SourceTitle "playchess.com"]
[Source "ChessBase"]
[SourceQuality "1"]
[TimeControl "40/5400+30:1800+30"]

1. e4 e5 2. d3 Nf6 3. Be3 d5 4. Bg5 dxe4 5. Bxf6 Qxf6 6. dxe4 Bc5 7. Nf3 O-O 8. Qd5 Qb6 9. Ke2 Qb5+ 10. Kd2 Qxb2 11. Qxc5 Qxa1 12. Nc3 Rd8+ 13. Ke2 b6 14. Qxc7 Ba6+ 15. Ke3 Qc1+ 16. Nd2 Qxd2+ 17. Kf3 Qf4# {Nb1} 0-1

[Event "22nd Ruzomberok Open 2019"]
[Site "Ruzomberok"]
[Date "2019.07.06"]
[Round "8.37"]
[White "Segeda, Milos"]
[Black "Horbal, Michal"]
[Result "0-1"]
[ECO "C42"]
[WhiteElo "1446"]
[BlackElo "1111"]
[Annotator "NA"]
[PlyCount "80"]
[EventDate "2019.06.29"]
[EventType "swiss"]
[EventCountry "SVK"]
[SourceTitle "playchess.com"]
[Source "ChessBase"]
[SourceQuality "1"]
[TimeControl "40/5400+30:1800+30"]

1. e4 e5 2. Nf3 Nf6 3. Bd3 Nc6 4. a3 a5 5. O-O Bc5 6. Nc3 O-O 7. Re1 d6 8. Nd5 Ng4 9. Ne3 Nxe3 10. dxe3 f5 11. Bc4+ Kh8 12. Bd5 Ne7 13. Ng5 Nxd5 14. Nxh7 Kxh7 15. Qh5+ Kg8 16. exd5 Bd7 17. Bd2 Qf6 18. b4 axb4 19. Bxb4 Bxb4 20. axb4 Rxa1 21. Rxa1 Qf7 22. Qxf7+ Kxf7 23. c4 Kg6 24. Ra7 Bc8 25. b5 f4 26. e4 f3 27. g3 c6 28. Ra8 cxd5 29. cxd5 b6 30. g4 Kf7 31. h3 Bd7 32. Ra7 Ke7 33. Kh2 Rf4 34. Kg3 Rxe4 35. Kxf3 Rd4 36. h4 Rxd5 37. g5 Rd3+ 38. Ke4 Rh3 39. Rb7 Rxh4+ 40. Kd5 Rd4# 0-1

[Event "22nd Ruzomberok Open 2019"]
[Site "Ruzomberok"]
[Date "2019.07.07"]
[Round "9.1"]
[White "Zvarik, Martin"]
[Black "Vojtek, Vladimir"]
[Result "1/2-1/2"]
[ECO "D02"]
[WhiteElo "2308"]
[BlackElo "2313"]
[Annotator "NA"]
[PlyCount "70"]
[EventDate "2019.06.29"]
[EventType "swiss"]
[EventCountry "SVK"]
[SourceTitle "playchess.com"]
[Source "ChessBase"]
[SourceQuality "1"]
[TimeControl "40/5400+30:1800+30"]

1. d4 d5 2. Nf3 e6 3. Bf4 Nf6 4. e3 Nbd7 5. h3 Be7 6. Bd3 b6 7. O-O Bb7 8. Nbd2 O-O 9. Ne5 Ne4 10. Rc1 c5 11. Nxd7 Qxd7 12. c3 Bc6 13. Qe2 Rac8 14. Rfd1 Ba4 15. b3 Nxd2 16. Rxd2 Bc6 17. dxc5 Bxc5 18. Rcd1 Qe7 19. c4 Bb4 20. Rc2 dxc4 21. Rxc4 Bd5 22. Rxc8 Rxc8 23. Qg4 Rf8 24. e4 Bb7 25. e5 f5 26. exf6 Qxf6 27. Be3 Bc5 28. Bc4 Bd5 29. Bxd5 exd5 30. Rxd5 Bxe3 31. fxe3 Qf2+ 32. Kh2 Qxe3 33. Rd7 Qe5+ 34. Qg3 Qxg3+ 35. Kxg3 a5 1/2-1/2

[Event "22nd Ruzomberok Open 2019"]
[Site "Ruzomberok"]
[Date "2019.07.07"]
[Round "9.2"]
[White "Jablonicky, Martin"]
[Black "Mrvova, Alena"]
[Result "1-0"]
[ECO "B40"]
[WhiteElo "2378"]
[BlackElo "2153"]
[Annotator "NA"]
[PlyCount "101"]
[EventDate "2019.06.29"]
[EventType "swiss"]
[EventCountry "SVK"]
[SourceTitle "playchess.com"]
[Source "ChessBase"]
[SourceQuality "1"]
[TimeControl "40/5400+30:1800+30"]

1. e4 c5 2. Nf3 e6 3. Nc3 a6 4. Be2 b5 5. d4 cxd4 6. Qxd4 Nc6 7. Qe3 Nge7 8. O-O Ng6 9. b3 Be7 10. Bb2 O-O 11. Rad1 Rb8 12. a4 Bf6 13. Rd2 b4 14. Nd1 Be7 15. Ba1 Qc7 16. Nb2 Na5 17. Nc4 Nxc4 18. Bxc4 Bb7 19. Qd4 Bf6 20. Qxd7 Qxd7 21. Rxd7 Bxe4 22. Bxa6 Bxc2 23. Bxf6 gxf6 24. Nd4 Be4 25. Rc1 Ne5 26. Rd6 Ng6 27. f3 Bd5 28. Nc6 Ra8 29. Bb7 Rae8 30. a5 Nf4 31. Ra1 Nd3 32. a6 Nc5 33. Ra5 Nxb7 34. axb7 Bxc6 35. Rxc6 Rb8 36. Rb5 Rfd8 37. Rxb4 Kf8 38. Kf2 f5 39. Rc7 Kg7 40. g4 Kf6 41. gxf5 exf5 42. Kg3 Ke6 43. Rb6+ Ke5 44. Re7+ Kd4 45. Rxf7 Kc5 46. Rh6 Kb4 47. Rhxh7 Rd5 48. h4 Kxb3 49. h5 Rb5 50. h6 Kc4 51. Rhg7 1-0